 Dungeon Crawl Stone Soup version 0.30-a0-1035-g38d5fb2972 (webtiles) character file.

Game seed: 9966837832360871624

161 Arcadio the Slasher (level 5, -6/42 HPs)
             Began as a Barachi Reaver on Apr 7, 2023.
             Was an Initiate of Fedhas.
             Killed from afar by an orc wizard (12 damage)
             ... with a magic dart
             ... in the Ecumenical Temple on Apr 8, 2023.
             The game lasted 00:23:44 (3502 turns).

Arcadio the Slasher (Barachi Reaver)                Turns: 3502, Time: 00:23:45

Health: -6/42      AC:  4    Str: 13    XL:     5   Next: 42%
Magic:  8/8        EV: 12    Int: 15    God:    Fedhas [......]
Gold:   93         SH:  0    Dex: 11    Spells: 2/8 levels left

rFire   . . .      SeeInvis .    a - +0 falchion
rCold   . . .      Faith    .    (no shield)
rNeg    + . .      Spirit   .    h - +0 leather armour
rPois   .          Reflect  .    k - +0 helmet
rElec   .          Rampage  .    (no cloak)
rCorr   +                        (no gloves)
Will    .....                    (no boots)
Stlth   +                        (no amulet)
HPRegen 0.27/turn                f - ring of positive energy
MPRegen 0.11/turn                n - ring of resist corrosion

@: about to teleport, unable to hop, slow
A: amphibious, slowness 1, strong legs 1, +LOS
a: Hop, Renounce Religion


You were in the Ecumenical Temple.
You worshipped Fedhas.
Fedhas was noncommittal.
You visited 2 branches of the dungeon, and saw 5 of its levels.

You collected 103 gold pieces.
You donated 10 gold pieces to Zin.

Inventory:

Hand Weapons
 a - a +0 falchion (weapon)
 b - a +0 sling
 j - a +2 mace of venom
Armour
 h - a +0 leather armour (worn)
 i - a +0 kite shield
 k - a +0 helmet (worn)
Jewellery
 e - a ring of fire
 f - a ring of positive energy (left hand)
 n - a ring of resist corrosion (right hand)
Scrolls
 c - a scroll of immolation {unknown}
 d - a scroll of poison {unknown}
 g - a scroll of teleportation
 l - a scroll of enchant armour {unknown}
 r - a scroll of enchant weapon {unknown}
 t - a scroll of magic mapping {unknown}
 u - a scroll of silence {unknown}
 v - a scroll of vulnerability {unknown}
Potions
 m - 2 potions of mutation
 p - 2 potions of haste
 q - 2 potions of flight
 s - a potion of magic {unknown}


   Skills:
 + Level 4.2 Fighting
 + Level 5.0 Long Blades
 + Level 3.9 Dodging
 + Level 2.2 Spellcasting
 + Level 3.2 Conjurations


You had 2 spell levels left.
You knew the following spells:

 Your Spells              Type           Power      Damage    Failure   Level
a - Kiss of Death         Conj/Necr      24%        2d7       14%         1
b - Magic Dart            Conj           44%        1d5       7%          1
c - Searing Ray           Conj           22%        2d5       11%         2
d - Momentum Strike       Conj/Tloc      12%        3d8       22%         2

Your spell library contained the following spells:

 Spells                   Type           Power      Damage    Failure   Level
 Hailstorm                Conj/Ice       6%         3d4       38%         3
 Summon Guardian Golem    Hex/Summ       1%         N/A       63%         3
 Fulminant Prism          Conj/Hex       3%         3d5       80%         4
 Orb of Destruction       Conj           5%         9d5       100%        7
 Spellforged Servitor     Conj/Summ      3%         N/A       100%        7


Dungeon Overview and Level Annotations

Branches:
Dungeon (4/15) Zot: 20331  Temple (1/1) D:4 Zot: 5697

Altars:
Fedhas
Gozag
Hepliaklqana
Makhleb
Okawaru
Sif Muna
Trog
Uskayaw
Wu Jian
Yredelemnul
Zin
The Shining One


Innate Abilities, Weirdness & Mutations

You are amphibious.
You cover ground slowly.
You can hop short distances.
You have an extended range of vision and can be seen from far away.


Message History

A puff of flame appears from out of thin air!
The puff of flame hits you. The orc hits you with a +0 falchion.
You miss something. Something hits you.
You miss something. Something hits you.
You miss something. Something hits you but does no damage.
You barely miss something. Something completely misses you.
Okay, then.
Okay, then.
You miss something. Something hits you but does no damage.
You slash something!
You hear some strange, mumbled words.
A puff of flame appears from out of thin air!
The puff of flame hits you!
* * * LOW HITPOINT WARNING * * *
Okay, then.
Okay, then.
Aiming: Kiss of Death (safe; 14% risk of failure)
Press: ? - help, Q - select action, (/) - cycle Shift-Dir - straight line, f - you
Okay, then.
Hop to where?
Press: ? - help, Dir - move target Boing!
The orc attacks as you move away! The orc hits you but does no damage.
The orc hits you with a +0 falchion.
* * * LOW HITPOINT WARNING * * *
You hit the orc.
You kill the orc!
Fedhas appreciates your contribution to the ecosystem.
Okay, then.
Okay, then.
Okay, then.
As you read the scroll labelled CEFOCU LOSAP, it crumbles to dust.
You feel strangely unstable.
It was a scroll of teleportation.
You hear some strange, mumbled words.
Something tries to affect you, but you resist.
Something completely misses you.
A magic dart appears from out of thin air!
The magic dart hits you!
You die...
Fedhas appreciates your contribution to the ecosystem.

#####################
............<.{.@...#
############..#####.#
...#.._.#..'..#...#.#
...#....#..#..#...#.#
...#'#######..'...#.#
...#.#._#..#.######.#
#'##.#..#._#.#....#.#
..⌠..##'#..#.'....#.#
........#'##.#....#.#


There were no monsters in sight!

Vanquished Creatures
  A hound (D:4)
  An orc wizard (D:3)
  An adder (D:2)
  2 worms
  A dart slug (D:3)
  8 orcs
  6 bats
  10 endoplasms
  3 giant cockroaches
  4 goblins
  8 hobgoblins
  4 jackals
  4 quokkas
  6 ball pythons
  5 frilled lizards
  6 kobolds
  4 rats
74 creatures vanquished.

Vanquished Creatures (others)
  A plant (D:3)
1 creature vanquished.

Grand Total: 75 creatures vanquished

Notes
Turn   | Place    | Note
-------+----------+-------------------------------------------
     0 | D:1      | Arcadio the Barachi Reaver began the quest for the Orb.
     0 | D:1      | Reached XP level 1. HP: 17/17 MP: 3/3
   169 | D:1      | Reached XP level 2. HP: 20/23 MP: 5/5
   342 | D:1      | Reached skill level 4 in Long Blades
   479 | D:1      | Reached XP level 3. HP: 29/29 MP: 6/6
  1211 | D:2      | Reached XP level 4. HP: 29/35 MP: 7/7
  1647 | D:3      | Noticed a scorpion
  2132 | D:3      | Found a glowing golden altar of the Shining One.
  2575 | D:3      | Found a faded altar of an unknown god.
  2589 | D:3      | Prayed at the altar of an unknown god.
  2589 | D:3      | Became a worshipper of Zin the Law-Giver
  2589 | D:3      | Reached * piety under Zin
  2783 | D:4      | Noticed a black bear
  2867 | D:4      | Reached XP level 5. HP: 41/42 MP: 8/8
  2868 | D:4      | Reached ** piety under Zin
  3118 | D:4      | Reached skill level 5 in Long Blades
  3215 | D:4      | Found a staircase to the Ecumenical Temple.
  3229 | Temple   | Entered the Ecumenical Temple
  3287 | Temple   | Learned a level 1 spell: Magic Dart
  3290 | Temple   | Learned a level 2 spell: Searing Ray
  3293 | Temple   | Learned a level 2 spell: Momentum Strike
  3428 | Temple   | Fell from the grace of Zin
  3428 | Temple   | Became a worshipper of Fedhas Madash
  3445 | Temple   | Upgraded the game from 0.30-a0-1018-g25214051b3 to
                  | 0.30-a0-1035-g38d5fb2972
  3502 | Temple   | Killed from afar by an orc wizard

Illustrated notes

Levels and vault maps discovered:
D:1:      minmay_arrival_widening_spiral_narrow, layout_rooms,
          roderic_lattice_a, grunt_decor_one_mirror
D:2:      layout_loops_ring
D:3:      layout_basic, tso_oasis_becter, shapermc_ecumenical_altar_notcrosses,
          kennysheep_generic_room_12
D:4:      layout_loops_corners, minmay_temple_entry_nine_rooms
Temple:   bh_familiar_temple

Skill      XL: |  1  2  3  4  5 |
---------------+----------------+-----
Fighting       | 3 4 |  4.2
Long Blades    | 4 5 |  5.0
Dodging        | 3 |  3.9
Spellcasting   | |  2.2
Conjurations   | |  3.2

Action                     |  1- 3 |  4- 6 || total
---------------------------+-------+-------++-------
  Melee: Falchion          |   121 |   138 ||   259
   Fire: Sling             |    11 |       ||    11
Ability: Hop               |       |     3 ||     3
    Use: Potion            |     1 |       ||     1
         Scroll            |       |     4 ||     4
   Stab: Sleeping          |       |     1 ||     1
 Armour: Leather armour    |    39 |    33 ||    72
         Skin              |    19 |       ||    19
  Dodge: Dodged            |    79 |    63 ||   142

Table legend: (Time is in decaauts)
 A = Elapsed time spent in this place.
 B = Non-inter-level travel time spent in this place.
 C = Inter-level travel time spent in this place.
 D = Time resting spent in this place.
 E = Time spent auto-exploring this place.
 F = Levels seen in this place.
 G = Mean time per level.
                   A        B        C        D        E       F      G
               +--------+--------+--------+--------+--------+-----+--------+
         Total |   3969 |   3828 |    141 |    435 |   2383 |   5 |  793.8 |
       Dungeon |   3668 |   3527 |    141 |    435 |   2190 |   4 |  917.0 |
        Temple |    301 |    301 |      0 |      0 |    192 |   1 |  301.0 |
               +--------+--------+--------+--------+--------+-----+--------+

Top non-repeatable levels by time:
     D:2: 1182 daAuts
     D:1: 1112 daAuts
     D:3: 857 daAuts
     D:4: 516 daAuts
  Temple: 301 daAuts
